 Dungeon Crawl Stone Soup version 0.29.1-15-g9cfb28693d (webtiles) character file.

Game seed: 3954828968714127639

215 kingofthe the Conjurer (level 5, -4/28 HPs)
             Began as a Deep Elf Conjurer on Mar 5, 2023.
             Was an Initiate of Sif Muna.
             Slain by a scorpion (6 damage)
             ... summoned by a hobgoblin
             ... on level 4 of the Dungeon.
             The game lasted 00:06:41 (3734 turns).

kingofthe the Conjurer (Deep Elf Conjurer)          Turns: 3734, Time: 00:06:42

Health: -4/28      AC:  3    Str:  4    XL:     5   Next: 60%
Magic:  1/14       EV: 14    Int: 23    God:    Sif Muna [......]
Gold:   169        SH:  0    Dex: 21    Spells: 11/14 levels left

rFire   . . .      SeeInvis .   a - staff of conjuration {!a}
rCold   . . .      Faith    .   (no shield)
rNeg    . . .      Spirit   .   j - +0 robe
rPois   .          Reflect  .   (no helmet)
rElec   .          Harm     .   (no cloak)
rCorr   .          Rampage  .   l - +0 pair of gloves
Will    .....                   (no boots)
Stlth   ++........              (no amulet)
HPRegen 0.09/turn               D - +6 ring of dexterity
MPRegen 0.14/turn               (no ring)

@: silenced, flying
A: no striking features
a: Renounce Religion


You were on level 4 of the Dungeon.
You worshipped Sif Muna.
Sif Muna was noncommittal.
You visited 2 branches of the dungeon, and saw 5 of its levels.

You collected 169 gold pieces.


   Skills:
 * Level 4.2 Dodging
 + Level 3.5 Stealth
 * Level 5.0 Spellcasting
 * Level 5.5 Conjurations


You had 11 spell levels left.
You knew the following spells:

 Your Spells              Type           Power      Damage    Failure   Level
a - Magic Dart            Conj           100%       1d8       1%          1
b - Searing Ray           Conj           92%        2d7       1%          2

Your spell library contained the following spells:

 Spells                   Type           Power      Damage    Failure   Level
 Dazzling Flash           Conj/Hex       54%        N/A       9%          3
 Fulminant Prism          Conj/Hex       13%        3d9       30%         4
 Iskenderun's Mystic Bla  Conj/Tloc      27%        2d7       30%         4

Inventory:

Hand Weapons
 b - a +1 hand axe of electrocution
 s - a +3 dagger
Armour
 j - a +0 robe (worn)
 l - a +0 pair of gloves (worn)
Magical Staves
 a - a staff of conjuration (weapon) {!a}
Jewellery
 p - an amulet of guardian spirit
 D - a +6 ring of dexterity (left hand)
Scrolls
 c - a scroll of poison
 d - 2 scrolls of teleportation {unknown}
 e - a scroll of immolation {unknown}
 g - 5 scrolls of identify {unknown}
 k - a scroll of enchant weapon
 n - a scroll of butterflies {unknown}
 r - a scroll of blinking {unknown}
Potions
 f - 2 potions of mutation {unknown}
 h - a potion of cancellation {unknown}
 m - a potion of resistance {unknown}
 o - 2 potions of curing {unknown}
 t - a potion of might {unknown}
 u - a potion of brilliance {unknown}

Dungeon Overview and Level Annotations

Branches:
Dungeon (4/15)             Temple (1/1) D:4

Altars:
Cheibriados
Elyvilon
Fedhas
Gozag
Hepliaklqana
Makhleb
Okawaru
Qazlal
Ru
Sif Muna
Trog
Vehumet
Wu Jian
Zin
The Shining One

#.....≈≈≈≈≈≈≈ ...
#.......≈≈≈≈≈ #.. ####
#............ #... ..#
#.#######.#.# ##... ...
#.# #...# .....#.# #.#
#.### #§#§#.#######.#
#.# #§§S§g##§§§##§##
#.#
#§ggs@§§§§§§######.#
#§§§g###§§§§§§§§.......
#§######§§§§§§§########
........§§§§§§§§# #
#.######§§§§§§§#
#§§§§§§§# #§§§§§§§#
###§§#### .....


You could see a scorpion (summoned), 3 gnolls, an adder (summoned) and a
hobgoblin.


Message History

The gnoll attacks as you move away! The gnoll hits you with a +0 club.
The scorpion attacks as you move away! The scorpion closely misses you.
The scorpion stings you.
* * * LOW HITPOINT WARNING * * *
Okay, then.
Okay, then.
As you read the scroll labelled TAEX BINEUF, it crumbles to dust.
It is a scroll of enchant weapon.
Your +0 hand axe of electrocution glows red for a moment.
The scorpion closely misses you. The gnoll barely misses you.
The air fills with toxic fumes!
As you read the scroll labelled ITOAMY MEIMAU, it crumbles to dust.
It was a scroll of poison.
The scorpion completely misses you. The gnoll barely misses you.
Casting: Searing Ray (safe; 1% risk of failure)
Confirm with . or Enter, or press ? or * to list all spells.
You don't have enough magic to cast this spell.
It was a potion of flight.
You feel very buoyant.
You fly up into the air.
The scorpion barely misses you.
The gnoll hits you from afar with a +0 halberd!
* * * LOW HITPOINT WARNING * * *
Really fly into that cloud of poison gas? [Y]es or [N]o only, please.
Really fly into that cloud of poison gas?
Okay, then.
As you read the scroll labelled TUOTYA LOSO, it crumbles to dust.
A profound silence engulfs you.
It was a scroll of silence.
The scorpion stings you.
You die...

Skill      XL: |  1  2  3  4  5 |
---------------+----------------+-----
Dodging        | 3 4 |  4.2
Stealth        | 3 |  3.5
Spellcasting   | 4 5 |  5.0
Conjurations   | 5 |  5.5

Action                   |  1- 3 |  4- 6 || total
-------------------------+-------+-------++-------
Melee: Staff             |     2 |       ||     2
 Cast: Magic Dart        |    70 |    14 ||    84
       Searing Ray       |     4 |    10 ||    14
  Use: Potion            |     1 |     1 ||     2
       Scroll            |       |     3 ||     3
Armor: Robe              |     2 |       ||     2
Dodge: Dodged            |     9 |    11 ||    20

Levels and vault maps discovered:
D:1:      dpeg_arrival_signposts, layout_basic
D:2:      layout_basic, basic_altar, shapermc_ecumenical_altar_mp_ritualfount
D:3:      layout_rooms, nicolae_overflow_crystal_walls, elyvilon_altar_1,
          kennysheep_small_spiral
D:4:      layout_loops_ring, nicolae_uskayaw_suspiria, temple_pool_b,
          uniq_duvessa
Temple:   nicolae_temple_bog_church

Notes
Turn   | Place    | Note
-------+----------+-------------------------------------------
     0 | D:1      | kingofthe the Deep Elf Conjurer began the quest for the
                  | Orb.
     0 | D:1      | Reached XP level 1. HP: 10/10 MP: 6/6
   803 | D:2      | Reached XP level 2. HP: 13/15 MP: 2/8
   807 | D:2      | Learned a level 2 spell: Searing Ray
  1047 | D:2      | Reached skill level 3 in Dodging
  1329 | D:2      | Found an ornate altar of the Wu Jian Council.
  1331 | D:2      | Reached XP level 3. HP: 19/19 MP: 7/10
  1491 | D:2      | Found a faded altar of an unknown god.
  1696 | D:3      | Reached skill level 3 in Stealth
  1911 | D:3      | Found a blossoming altar of Fedhas.
  1962 | D:3      | Reached skill level 4 in Spellcasting
  1983 | D:3      | Reached skill level 5 in Conjurations
  2148 | D:3      | Found a white marble altar of Elyvilon.
  2285 | D:3      | Reached XP level 4. HP: 24/24 MP: 8/12
  2712 | D:3      | Found a white marble altar of Elyvilon.
  3043 | D:3      | Found a blossoming altar of Fedhas.
  3240 | D:4      | Found a staircase to the Ecumenical Temple.
  3252 | Temple   | Entered the Ecumenical Temple
  3258 | Temple   | Became a worshipper of Sif Muna the Loreminder
  3539 | D:4      | Reached skill level 4 in Dodging
  3539 | D:4      | Reached XP level 5. HP: 23/28 MP: 4/13
  3714 | D:4      | Reached skill level 5 in Spellcasting
  3733 | D:4      | HP: 2/28 [gnoll/+0 halberd[a hobgoblin] (12)]
  3734 | D:4      | Slain by a scorpion

Vanquished Creatures
  An iguana (D:4)
  4 orc wizards
  3 adders
  3 worms
  A dart slug (D:2)
  11 orcs
  3 bats
  4 endoplasms
  A giant cockroach (D:2)
  4 goblins
  3 hobgoblins
  A quokka (D:1)
  A frilled lizard (D:2)
  4 kobolds
  3 rats
47 creatures vanquished.

Vanquished Creatures (others)
  A plant (D:2)
1 creature vanquished.

Grand Total: 48 creatures vanquished

Table legend: (Time is in decaauts)
 A = Elapsed time spent in this place.
 B = Non-inter-level travel time spent in this place.
 C = Inter-level travel time spent in this place.
 D = Time resting spent in this place.
 E = Time spent auto-exploring this place.
 F = Levels seen in this place.
 G = Mean time per level.
                   A        B        C        D        E       F      G
               +--------+--------+--------+--------+--------+-----+--------+
         Total |   3747 |   3563 |    184 |    235 |   2991 |   5 |  749.4 |
       Dungeon |   3534 |   3372 |    162 |    235 |   2818 |   4 |  883.5 |
        Temple |    213 |    191 |     22 |      0 |    172 |   1 |  213.0 |
               +--------+--------+--------+--------+--------+-----+--------+

Top non-repeatable levels by time:
     D:3: 1370 daAuts
     D:2: 1039 daAuts
     D:1: 798 daAuts
     D:4: 325 daAuts
  Temple: 213 daAuts

Table legend:
 A = Non-vault XP
 B = Vault XP
 C = Vault XP percentage of total XP
 D = Non-vault monster count
 E = Vault monster count
 F = Vault count percentage of total count
                 A         B        C        D         E       F
            +---------+---------+-------+---------+---------+-------
      Total |     308 |       0 |   0.0 |      47 |       0 |   0.0
            +---------+---------+-------+---------+---------+-------
        D:1 |       9 |       0 |   0.0 |       5 |       0 |   0.0
        D:2 |      32 |       0 |   0.0 |      15 |       0 |   0.0
        D:3 |     132 |       0 |   0.0 |      19 |       0 |   0.0
        D:4 |     135 |       0 |   0.0 |       8 |       0 |   0.0
            +---------+---------+-------+---------+---------+-------
